 Dungeon Crawl Stone Soup version 0.22.0-49-gab54619674 (webtiles) character file.

363 JedernureinKreuz the Conjurer (level 6, -3/44 HPs)
             Began as a Gnoll Conjurer on Sept 8, 2018.
             Killed by divine providence
             ... invoked by an orc priest
              (8 damage)
             ... on level 3 of the Dungeon.
             The game lasted 00:33:41 (3028 turns).

JedernureinKreuz the Conjurer (Gnoll Conjurer)      Turns: 3028, Time: 00:33:41

Health: -3/44      AC:  5    Str: 10    XL:     6   Next: 67%
Magic:  9/14       EV: 14    Int: 19    God:
Gold:   100        SH:  4    Dex: 16    Spells: 14/15 levels left

rFire    . . .     SeeInvis .   e - +0 trident (protect)
rCold    . . .     Gourm    .   (no shield)
rNeg     . . .     Faith    .   k - +0 leather armour
rPois    .         Spirit   .   (no helmet)
rElec    .         Reflect  +   (no cloak)
rCorr    .         Harm     .   (no gloves)
MR       .....                  g - +1 pair of boots
Stlth    +++.......             h - +4 amulet of reflection
HPRegen  0.14/turn              (no ring)
MPRegen  0.14/turn              (no ring)

@: very slightly contaminated, slowed, very slow
A: distributed training, fangs 1, strong nose
a: no special abilities


You were on level 3 of the Dungeon.
You were not hungry.

You visited 1 branch of the dungeon, and saw 3 of its levels.

You collected 100 gold pieces.

Inventory:

Hand Weapons
 d - a +0 club
 e - a +0 trident of protection (weapon)
 o - a +0 dagger
 w - a +0 hunting sling
Missiles
 b - 36 arrows
 j - 50 stones (quivered)
 r - 39 bolts
 x - 19 sling bullets
Armour
 a - a +0 robe
 g - a +1 pair of boots (worn)
 k - a +0 leather armour (worn)
Jewellery
 h - a +4 amulet of reflection (around neck)
Scrolls
 f - 2 scrolls of enchant armour
 m - a scroll of noise {unknown}
 s - a scroll of fear {unknown}
 v - a scroll of magic mapping {unknown}
Potions
 i - a potion of agility
 l - a potion of lignification
 n - a potion of brilliance
 q - a potion of berserk rage {unknown}
 u - a potion of might {unknown}
 z - a potion of ambrosia {unknown}
Comestibles
 c - 9 rations


   Skills:
 + Level 2.0 Fighting
 + Level 2.0 Short Blades
 + Level 2.0 Long Blades
 + Level 2.0 Axes
 + Level 2.0 Maces & Flails
 + Level 2.0 Polearms
 + Level 2.0 Staves
 + Level 2.0 Slings
 + Level 2.0 Bows
 + Level 2.0 Crossbows
 + Level 2.0 Throwing
 + Level 2.0 Armour
 + Level 5.0 Dodging
 + Level 4.6 Stealth
 + Level 2.0 Shields
 + Level 2.0 Unarmed Combat
 + Level 5.4 Spellcasting
 + Level 7.3 Conjurations
 + Level 1.6 Hexes
 + Level 1.6 Charms
 + Level 1.6 Summonings
 + Level 1.6 Necromancy
 + Level 1.6 Translocations
 + Level 1.6 Transmutations
 + Level 1.6 Fire Magic
 + Level 1.6 Ice Magic
 + Level 1.6 Air Magic
 + Level 1.6 Earth Magic
 + Level 1.6 Poison Magic
 + Level 2.2 Invocations
 + Level 2.0 Evocations


You had 14 spell levels left.
You knew the following spells:

 Your Spells              Type           Power        Failure   Level  Hunger
a - Magic Dart            Conj           ####         1%          1    None

Your spell library contained the following spells:

 Spells                   Type           Power        Failure   Level  Hunger
 Searing Ray              Conj           ####..       1%          2    None
 Dazzling Spray           Conj/Hex       ###...       8%          3    ##.....
 Iskenderun's Mystic Bla  Conj           ####....     8%          4    ####...
 Force Lance              Conj/Tloc      ###.....     26%         4    ####...
 Fulminant Prism          Conj/Hex       ###.......   26%         4    ####...


Dungeon Overview and Level Annotations

Branches:
Dungeon (3/15)

Altars:
Elyvilon
Okawaru
Wu Jian
Zin


Innate Abilities, Weirdness & Mutations

Your experience applies equally to all skills.
You have very sharp teeth.
Your uncanny sense of smell can sniff out nearby items.


Message History

The orc hits you with a mace.
* * * LOW HITPOINT WARNING * * *
The orc wizard points at you and mumbles some strange words.
You feel yourself slow down.
Casting: Magic Dart (safe; 1% risk of failure)
Confirm with . or Enter, or press ? or * to list all spells.
Aiming: Magic Dart (safe; 1% risk of failure)
Press: ? - help, Shift-Dir - straight line, f/p - orc wizard
Aim: an orc wizard, wielding a dagger and wearing a robe (almost dead, fast)
The magic dart hits the orc wizard.
You kill the orc wizard!
The orc closely misses you. The orc barely misses you.
Things that are here:
a dagger; a robe; an orc corpse You block the orc's attack.
You block the orc's attack.
The orc priest invokes the aid of Beogh against you.
Beogh smites you!
You die...

#....# ##o#
#####..##.#.#..### ###.##
#.# ##)##.#.#..... #.# #)#
#.##.#...#### #.# #.###
#......)###.. ####.###
#.o.## ###.......#.#
.......# ###r.##
##.##.#..... ##.....# ##o.#
##...####.#.. #.....#
##.#####.....###....
#.....####
#.@.##.......#.....
#.....#.>##
###......_........#
####.###..#
##..#.......#...##
#..###.#####...##.....####.#
##.#
#....##.#.###...##.##.## #.#
####.##.#.####.## ..#..# #.#
#......##...)###.##.. #.##
#.....#####...##.##..
#..#####...### #...........


You could see an orc priest, an orc and a rat.

Vanquished Creatures
  A scorpion (D:2)
  An orc priest (D:3)
  3 orc wizards (D:3)
  Natasha (twice) (D:2)
  2 adders (D:3)
  3 oozes
  2 worms
  4 dart slugs
  A leopard gecko (D:3)
  10 orcs
  2 ball pythons
  12 bats
  5 giant cockroaches
  6 goblins
  9 hobgoblins
  8 jackals
  10 kobolds
  3 quokkas (D:3)
  3 frilled lizards
  7 rats
94 creatures vanquished.

Vanquished Creatures (others)
  A quokka (D:2)
1 creature vanquished.

Grand Total: 95 creatures vanquished

Notes
Turn   | Place    | Note
-------+----------+-------------------------------------------
     0 | D:1      | JedernureinKreuz the Gnoll Conjurer began the quest for the
                  | Orb.
     0 | D:1      | Reached XP level 1. HP: 13/13 MP: 6/6
    57 | D:1      | Reached XP level 2. HP: 19/19 MP: 1/7
   457 | D:1      | Reached XP level 3. HP: 25/25 MP: 5/9
   605 | D:1      | Reached skill level 5 in Spellcasting
   763 | D:1      | Reached skill level 1 in Invocations
  1067 | D:2      | Reached skill level 1 in Fighting
  1067 | D:2      | Reached skill level 1 in Short Blades
  1067 | D:2      | Reached skill level 1 in Long Blades
  1067 | D:2      | Reached skill level 1 in Axes
  1067 | D:2      | Reached skill level 1 in Maces & Flails
  1067 | D:2      | Reached skill level 1 in Polearms
  1067 | D:2      | Reached skill level 1 in Staves
  1067 | D:2      | Reached skill level 1 in Slings
  1067 | D:2      | Reached skill level 1 in Bows
  1067 | D:2      | Reached skill level 1 in Crossbows
  1067 | D:2      | Reached skill level 1 in Throwing
  1067 | D:2      | Reached skill level 1 in Armour
  1067 | D:2      | Reached skill level 1 in Shields
  1067 | D:2      | Reached skill level 1 in Unarmed Combat
  1067 | D:2      | Reached skill level 1 in Evocations
  1080 | D:2      | Reached XP level 4. HP: 31/32 MP: 0/11
  1325 | D:2      | Found a white marble altar of Elyvilon.
  1388 | D:2      | Noticed Natasha
  1416 | D:2      | Killed Natasha
  1416 | D:2      | Reached skill level 1 in Hexes
  1416 | D:2      | Reached skill level 1 in Charms
  1416 | D:2      | Reached skill level 1 in Summonings
  1416 | D:2      | Reached skill level 1 in Necromancy
  1416 | D:2      | Reached skill level 1 in Translocations
  1416 | D:2      | Reached skill level 1 in Transmutations
  1416 | D:2      | Reached skill level 1 in Fire Magic
  1416 | D:2      | Reached skill level 1 in Ice Magic
  1416 | D:2      | Reached skill level 1 in Air Magic
  1416 | D:2      | Reached skill level 1 in Earth Magic
  1416 | D:2      | Reached skill level 1 in Poison Magic
  1647 | D:2      | Noticed an angel
  1648 | D:2      | Found a glowing silver altar of Zin.
  1912 | D:2      | Noticed Natasha
  1916 | D:2      | Killed Natasha
  1916 | D:2      | Reached XP level 5. HP: 31/37 MP: 7/12
  2195 | D:3      | Found an iron altar of Okawaru.
  2264 | D:3      | Reached XP level 6. HP: 40/44 MP: 2/13
  2680 | D:3      | Reached skill level 5 in Dodging
  2853 | D:3      | Found an ornate altar of the Wu Jian Council.
  3028 | D:3      | Killed from afar by an orc priest

Skill      XL: |  1  2  3  4  5  6 |
---------------+-------------------+-----
Spellcasting   | 5 |  5.4
Invocations    | 1 2 |  2.2
Fighting       | 1 2 |  2.0
Short Blades   | 1 2 |  2.0
Long Blades    | 1 2 |  2.0
Axes           | 1 2 |  2.0
Maces & Flails | 1 2 |  2.0
Polearms       | 1 2 |  2.0
Staves         | 1 2 |  2.0
Slings         | 1 2 |  2.0
Bows           | 1 2 |  2.0
Crossbows      | 1 2 |  2.0
Throwing       | 1 2 |  2.0
Armour         | 1 2 |  2.0
Shields        | 1 2 |  2.0
Unarmed Combat | 1 2 |  2.0
Evocations     | 1 2 |  2.0
Hexes          | 1 |  1.6
Charms         | 1 |  1.6
Summonings     | 1 |  1.6
Necromancy     | 1 |  1.6
Translocations | 1 |  1.6
Transmutations | 1 |  1.6
Fire Magic     | 1 |  1.6
Ice Magic      | 1 |  1.6
Air Magic      | 1 |  1.6
Earth Magic    | 1 |  1.6
Poison Magic   | 1 |  1.6
Dodging        | 5 |  5.0
Stealth        | |  4.6
Conjurations   | |  7.3

Action                   |  1- 3 |  4- 6 || total
-------------------------+-------+-------++-------
Melee: Club              |     6 |       ||     6
       Dagger            |     7 |    23 ||    30
       Bite              |     1 |     3 ||     4
       Trident           |       |    19 ||    19
 Cast: Magic Dart        |    70 |   139 ||   209
  Use: Scroll            |       |     5 ||     5
       Potion            |       |     1 ||     1
  Eat: Chunk             |       |     3 ||     3
       Ration            |       |     1 ||     1
Armor: Leather armour    |       |    27 ||    27
Dodge: Dodged            |    20 |    67 ||    87
Block: Other             |       |    13 ||    13
